 Dungeon Crawl Stone Soup version 0.30-a0-385-gfebfb9b408 (webtiles) character file.

Game seed: 6562981310630051247

1283 retardedninja the Trooper (level 8, -9/109 HPs)
             Began as a Hill Orc Fighter on Dec 2, 2022.
             Was an Initiate of Gozag.
             Mangled by an orc warrior
             ... wielding a +0 halberd
              (11 damage)
             ... on level 6 of the Dungeon.
             The game lasted 00:08:13 (10882 turns).

retardedninja the Trooper (Hill Orc Fighter)       Turns: 10882, Time: 00:08:13

Health: -9/109     AC: 24    Str: 20 (21) XL:     8   Next: 55%
Magic:  8/8        EV:  2    Int:  6 (8)  God:    Gozag
Gold:   200        SH:  5    Dex:  7 (10) Spells: 7/7 levels left

rFire   . . .      SeeInvis .    a - +0 war axe
rCold   . . .      Faith    .    c - +0 buckler
rNeg    . . .      Spirit   .    (body armour currently unavailable)
rPois   +          Reflect  .    (helmet currently unavailable)
rElec   .          Harm     .    (cloak currently unavailable)
rCorr   .          Rampage  .    (gloves currently unavailable)
Will    .....      NoTele   +    (boots currently unavailable)
Stlth   +.........               (no amulet)
HPRegen 0.38/turn                (no ring)
MPRegen 0.11/turn                (no ring)

@: tree-form, attractive
A: stationary, stasis, torment immunity, boosted hp
a: Renounce Religion, Potion Petition, Call Merchant, Bribe Branch


You were on level 6 of the Dungeon.
You worshipped Gozag.
Gozag was aware of your devotion.
You were a tree.
You visited 2 branches of the dungeon, and saw 7 of its levels.

You collected 310 gold pieces.
You paid 110 gold pieces to Gozag.

Inventory:

Hand Weapons
 a - a +0 war axe (weapon)
Armour
 b - a +0 scale mail
 c - a +0 buckler (worn)
 o - a +0 chain mail (melded)
Jewellery
 w - an amulet of the acrobat
Scrolls
 e - 2 scrolls of teleportation {unknown}
 f - a scroll of butterflies {unknown}
 g - 3 scrolls of fear {unknown}
 i - 6 scrolls of identify {unknown}
 k - 2 scrolls of magic mapping {unknown}
 m - a scroll of summoning {unknown}
 n - a scroll of enchant weapon {unknown}
 p - a scroll of enchant armour {unknown}
 q - 2 scrolls of amnesia {unknown}
 r - a scroll of blinking {unknown}
 s - a scroll of poison {unknown}
 u - 2 scrolls of brand weapon {unknown}
 v - a scroll of vulnerability {unknown}
Potions
 d - 3 potions of degeneration
 j - 2 potions of attraction


   Skills:
 + Level 7.0 Fighting
 + Level 7.0 Axes
 + Level 6.3 Armour
 + Level 6.4 Shields


You had 7 spell levels left.
You didn't know any spells.
Your spell library contained the following spells:

 Spells                   Type           Power      Damage    Failure   Level
 Blink                    Tloc           0%         N/A       67%         2
 Cigotuvi's Dreadful Rot  Necr/Pois/Air  0%         N/A       67%         2
 Momentum Strike          Conj/Tloc      0%         3d8       67%         2
 Poisonous Vapours        Pois/Air       0%         N/A       67%         2
 Lesser Beckoning         Tloc           0%         N/A       88%         3
 Mephitic Cloud           Conj/Pois/Air  0%         N/A       88%         3


Dungeon Overview and Level Annotations

Branches:
Dungeon (6/15)             Temple (1/1) D:5

Altars:
Ashenzari
Cheibriados
Dithmenos
Fedhas
Gozag
Nemelex Xobeh
Okawaru
Qazlal
Ru
Sif Muna
Trog
Uskayaw
Wu Jian
Xom
Yredelemnul

Shops:
D:5 **

Annotations:
D:5 2 transporters


Message History

There was something very wrong with that liquid.
You feel weakened.
You feel dopey.
You feel clumsy.
The orc warrior hits you but does no damage.
Something hits you.
* * * LOW HITPOINT WARNING * * *
It was a potion of attraction.
You feel attractive to monsters. Something hits you but does no damage.
The orc warrior hits you with a +0 halberd!
* * * LOW HITPOINT WARNING * * *
It was a potion of flight.
You feel very buoyant.
You fly up into the air.
Something hits you but does no damage. You block the orc warrior's attack.
It was a potion of lignification.
You turn into a tree.
Your +0 chain mail melds into your body.
Your roots penetrate the ground.
Something hits you but does no damage.
The orc warrior hits you but does no damage.
You slash the orc warrior!
The orc warrior is almost dead.
You barely miss something. Something hits you but does no damage.
The orc warrior hits you but does no damage.
You hit the orc warrior but do no damage.
The orc warrior is almost dead.
You hit something but do no damage. Something hits you but does no damage.
The orc warrior hits you with a +0 halberd!
* * * LOW HITPOINT WARNING * * *
You closely miss the orc warrior.
The orc warrior is almost dead.
You hit something but do no damage. Something hits you but does no damage.
The orc warrior hits you but does no damage.
You block the orc warrior's attack. Something hits you but does no damage.
Okay, then.
Okay, then.
You barely miss the orc warrior.
The orc warrior is almost dead.
You completely miss something. Something hits you but does no damage.
The orc warrior hits you with a +0 halberd!
You die...
Your body crumbles into a pile of gold.

#.
#..##.##.##.# .
....##<##.##.#
##
###.###.#...#.#
#.###.#...#.#
............#
#...........#
#####.......#
###{o.#.#
#$♣.#.# ##.##.#
####.##.#
#.$..##.#
#....$$$##.#
#.##.#<....#
#.#.##### # #..
#..


You could see an orc warrior.

Vanquished Creatures
  Grinder (D:5)
  A water moccasin (D:5)
  An ice beast (D:5)
  2 ogres
  A kobold brigand (D:6)
  4 scorpions
  2 hounds
  2 jellies
  2 orc priests
  2 iguanas (D:4)
  Robin (D:4)
  3 gnolls (D:4)
  4 adders
  A white imp (D:3)
  An ufetubus (D:5)
  2 worms (D:3)
  3 dart slugs
  11 orcs
  6 endoplasms
  4 giant cockroaches
  12 goblins
  10 hobgoblins
  2 quokkas
  5 ball pythons
  5 bats
  A frilled lizard (D:3)
  7 kobolds
  2 rats
98 creatures vanquished.

Vanquished Creatures (others)
  6 plants (D:5)
6 creatures vanquished.

Grand Total: 104 creatures vanquished

Notes
Turn   | Place    | Note
-------+----------+-------------------------------------------
     0 | D:1      | retardedninja the Hill Orc Fighter began the quest for the
                  | Orb.
     0 | D:1      | Reached XP level 1. HP: 19/19 MP: 1/1
   179 | D:1      | Reached XP level 2. HP: 14/27 MP: 2/2
   844 | D:2      | Found a faded altar of an unknown god.
  1555 | D:3      | Identified the +0 sling of Gallantry {speed, Str+3}
  1759 | D:3      | Reached XP level 3. HP: 33/33 MP: 3/3
  1945 | D:3      | Found a sacrificial altar of Ru.
  2023 | D:3      | Reached XP level 4. HP: 40/40 MP: 4/4
  2607 | D:4      | Noticed a scorpion
  2612 | D:4      | Killed a scorpion
  2613 | D:4      | Reached XP level 5. HP: 47/47 MP: 5/5
  2628 | D:4      | Found a broken altar of Ashenzari.
  2810 | D:4      | Noticed Robin
  2826 | D:4      | Reached skill level 5 in Fighting
  2829 | D:4      | Killed Robin
  2830 | D:4      | Reached XP level 6. HP: 24/56 MP: 6/6
  3365 | D:4      | Reached skill level 5 in Axes
  3508 | D:4      | Reached skill level 5 in Shields
  3672 | D:4      | Found a basalt altar of Yredelemnul.
  3687 | D:4      | Found a stormy altar of Qazlal.
  3698 | D:4      | Reached skill level 5 in Armour
  3698 | D:4      | Reached XP level 7. HP: 58/61 MP: 7/7
  8952 | D:5      | Entered Level 5 of the Dungeon
  8965 | D:5      | Noticed Grinder
  8969 | D:5      | Paralysed by Grinder for 3 turns
  8978 | D:5      | Killed Grinder
  9512 | D:5      | Found a transporter.
  9569 | D:5      | Found Jyuvvit's General Store.
  9571 | D:5      | Found Kuezajemea's Specific Store.
  9576 | D:5      | Reached XP level 8. HP: 70/71 MP: 8/8
 10074 | D:5      | Identified the +7 spear of Poaghubeoc {venom, Contam rCorr
                  | Dex+6}
 10224 | D:5      | Identified the ring of Terra Nullius {Ice Fly Will+}
 10257 | D:5      | Found a transporter.
 10335 | D:5      | Found a staircase to the Ecumenical Temple.
 10357 | Temple   | Entered the Ecumenical Temple
 10492 | Temple   | Became a worshipper of Gozag Ym Sagoz the Greedy
 10880 | D:6      | HP: 1/109 [orc warrior/+0 halberd (7)]
 10882 | D:6      | Mangled by an orc warrior

Illustrated notes

Levels and vault maps discovered:
D:1:      eino_arrival_water_star, layout_loops_ring
D:2:      layout_loops_ring, ebering_ecumenical_altar_box
D:3:      layout_loops_corners, mainiacjoe_overflow_tiny_flanked,
          minmay_misc_feat_columns
D:4:      layout_layer_cave, ashenzari_conservatory_becter,
          nicolae_qazlal_eye_of_the_storm, mainiacjoe_overflow_brackets,
          eino_small_chamber_without_monster, grunt_decor_junction,
          minmay_fractal_squares_5, uniq_robin
D:5:      layout_loops_ring, lemuel_temple_firewalk_b,
          gammafunk_ghost_gnarly_gnolls, nicolae_specific_store,
          palyth_stone_intersect, minmay_strange_pillars, uniq_grinder
D:6:      minmay_thinvault, layout_loops_ring, zin_angel, kennysheep_mini_moat,
          makhleb_grotto_becter, marbit_many_paths
Temple:   bh_familiar_temple

Skill      XL: |  1  2  3  4  5  6  7  8 |
---------------+-------------------------+-----
Axes           | 3 4 5 6 7 |  7.0
Fighting       | 4 5 6 7 |  7.0
Armour         | 4 5 6 |  6.3
Shields        | 4 5 6 |  6.4

Action                   |  1- 3 |  4- 6 |  7- 9 || total
-------------------------+-------+-------+-------++-------
Melee: War axe           |    99 |    85 |   102 ||   286
  Use: Potion            |       |     5 |     7 ||    12
Armor: Scale mail        |    55 |     2 |       ||    57
       Chain mail        |       |    56 |    70 ||   126
       Skin              |       |       |     9 ||     9
Dodge: Dodged            |    57 |    46 |    36 ||   139
Block: Buckler           |    17 |    23 |    16 ||    56

Table legend: (Time is in decaauts)
 A = Elapsed time spent in this place.
 B = Non-inter-level travel time spent in this place.
 C = Inter-level travel time spent in this place.
 D = Time resting spent in this place.
 E = Time spent auto-exploring this place.
 F = Levels seen in this place.
 G = Mean time per level.
                   A        B        C        D        E       F      G
               +--------+--------+--------+--------+--------+-----+--------+
         Total |  10972 |  10788 |    184 |   6168 |   3849 |   7 | 1567.4 |
       Dungeon |  10748 |  10587 |    161 |   6168 |   3689 |   6 | 1791.3 |
        Temple |    224 |    201 |     23 |      0 |    160 |   1 |  224.0 |
               +--------+--------+--------+--------+--------+-----+--------+

Top non-repeatable levels by time:
     D:4: 6472 daAuts
     D:5: 1466 daAuts
     D:3: 965 daAuts
     D:1: 849 daAuts
     D:2: 729 daAuts
     D:6: 263 daAuts
  Temple: 224 daAuts
